Map: Orbital Shipyard

Players

Adept

  • Race: Protoss Protoss
  • League: Platinum

ILLBdA - Winner!

  • Race: Protoss Protoss
  • League: Diamond

VOD

Have the link to the VOD?

Description

Time

  • Played on: Dec. 24, 2015, 8:55 a.m.
  • Length: 5:43
Show
View Real Time Build Order
Export as new Build Order

Adept Protoss 

Build Orders: Nexus First 

Get SALT Encoding   

  12  0:00  Probe (Chrono Boost)  
  13  0:11  Probe (Chrono Boost)  
  14  0:17  Pylon  
  14  0:22  Probe (Chrono Boost)  
  15  0:36  Probe (Chrono Boost)  
  16  0:46  Probe (Chrono Boost)  
  17  0:58  Nexus  
  17  1:08  Gateway  
  17  1:16  Assimilator  
  17  1:19  Assimilator  
  17  1:21  Probe (Chrono Boost)  
  18  1:30  Pylon  
  18  1:33  Pylon  
  18  1:36  Pylon  
  17  2:17  Probe (Chrono Boost)  
  18  2:33  Nexus  
  18  2:42  Pylon  
  17  3:00  Gateway  
  17  3:01  Gateway  
  17  3:08  Assimilator  
  17  3:12  Assimilator  
  17  3:51  Cybernetics Core  
  17  3:57  Probe (Chrono Boost)  
  16  4:11  Probe (Chrono Boost)  
  17  4:24  Pylon  
  15  4:28  Mothership Core (Chrono Boost), Stalker  
  19  4:46  Probe (Chrono Boost)  
  20  4:57  Probe (Chrono Boost)  
Show
View Real Time Build Order
Export as new Build Order

ILLBdA Protoss - Winner!

Build Orders:  

Get SALT Encoding   

  12  0:01  Probe (Chrono Boost)  
  13  0:11  Probe (Chrono Boost)  
  14  0:18  Pylon  
  14  0:22  Probe (Chrono Boost)  
  15  0:36  Probe (Chrono Boost)  
  15  0:38  Forge  
  16  0:47  Probe (Chrono Boost)  
  17  0:57  Probe (Chrono Boost)  
  18  1:08  Probe (Chrono Boost)  
  19  1:20  Pylon  
  19  1:22  Pylon  
  19  1:23  Pylon  
  19  1:35  Pylon  
  19  1:39  Photon Cannon  
  19  1:54  Photon Cannon  
  19  1:56  Probe (Chrono Boost)  
  19  2:01  Gateway  
  20  2:04  Assimilator  
  20  2:06  Probe (Chrono Boost)  
  21  2:08  Assimilator  
  21  2:17  Probe (Chrono Boost)  
  21  2:18  Photon Cannon  
  21  2:22  Pylon  
  22  2:23  Pylon  
  22  2:34  Photon Cannon  
  22  2:36  Probe (Chrono Boost)  
  23  2:52  Cybernetics Core, Zealot (Chrono Boost)  
  25  2:59  Probe  
  25  3:05  Pylon  
  26  3:14  Probe  
  27  3:26  Probe  
  28  3:31  Stalker (Chrono Boost), Warp Gate  
  30  3:39  Mothership Core  
  32  3:41  Stargate  
  32  4:00  Probe  
  33  4:07  Stalker (Chrono Boost)  
  35  4:12  Probe  
  37  4:24  Probe, Oracle (Chrono Boost)  
  40  4:36  Probe  
  41  4:48  Probe, Pylon  
  41  4:49  Pylon  
  42  4:58  Void Ray (Chrono Boost)  
  46  5:00  Probe  
  47  5:07  Nexus  
  47  5:08  Pylon  
  47  5:23  Probe  
  47  5:32  Gateway  
  47  5:36  Gateway  
  47  5:40  Pylon x2  
Tags
 
Matchup
PvP
Replay Pack
me
Add a new tag
Caveats
  • Supply blocks, unpowered buildings, or Contaminate may cause inaccurate times.
  • Supply counts are checked every 10 seconds.